 Dungeon Crawl Stone Soup version 0.29-a0-834-g1e95ca9f62 (webtiles) character file.

Game seed: 3877689620691357533

1 zeratav the Stinger (level 1, -1/11 HPs)
             Began as an Octopode Venom Mage on July 12, 2022.
             Slain by a jackal (2 damage)
             ... on level 1 of the Dungeon.
             The game lasted 00:00:16 (129 turns).

zeratav the Stinger (Octopode Venom Mage)            Turns: 129, Time: 00:00:16

Health: -1/11      AC:  1    Str:  7    XL:     1   Next: 20%
Magic:  3/3        EV: 13    Int: 17    God:
Gold:   0          SH:  0    Dex: 12    Spells: 3/4 levels left

rFire   . . .      SeeInvis .   c - +0 club {mace}
rCold   . . .      Faith    .   (no shield)
rNeg    . . .      Spirit   .   (helmet restricted)
rPois   .          Reflect  .   (no amulet)
rElec   .          Harm     .   (no ring)
rCorr   .          Rampage  .   (no ring)
Will    .....                   (no ring)
Stlth   +++.......              (no ring)
HPRegen 0.03/turn               (no ring)
MPRegen 0.08/turn               (no ring)
                                (no ring)
                                (no ring)

@: no status effects
A: almost no armour, amphibious, 8 rings, camouflage 1, gelatinous body 1,
(nimble swimmer 1), tentacles
a: no special abilities


You were on level 1 of the Dungeon.
You visited 1 branch of the dungeon, and saw 1 of its levels.


Innate Abilities, Weirdness & Mutations

You cannot wear most types of armour.
You are amphibious.
You can wear up to eight rings at the same time.
Your skin changes colour to match your surroundings (Stealth+).
Your rubbery body absorbs attacks. (AC +1, EV +1)
((You are camouflaged when in or above water. (Stealth+)))
You have tentacles for arms and can constrict up to eight enemies at once.


   Skills:
 - Level 2.0 Dodging
 + Level 2.8 Stealth
 - Level 2.0 Spellcasting
 - Level 1.0 Transmutations
 + Level 3.7 Poison Magic


You had 3 spell levels left.
You knew the following spells:

 Your Spells              Type           Power      Damage    Failure   Level
a - Sting                 Tmut/Pois      36%        1d4       8%          1

Your spell library contained the following spells:

 Spells                   Type           Power      Damage    Failure   Level
 Poisonous Vapours        Pois/Air       14%        N/A       14%         2
 Mephitic Cloud           Conj/Pois/Air  5%         N/A       34%         3
 Olgreb's Toxic Radiance  Pois           14%        N/A       38%         4

Inventory:

Hand Weapons
 c - a +0 club (weapon) {mace}
   (You took it off a goblin on level 1 of the Dungeon)
Scrolls
 b - a scroll of fog {unknown}
Potions
 a - a potion of magic

Dungeon Overview and Level Annotations

Branches:
Dungeon (1/15) Zot: 5869

Altars:

#######
.......
.......
.......
.......
.......###
...>...lh#
##.#####h# . #
#.h@#
....###.###
#......####
#.#.......#
#.#...#...####
#............#
#.#.##.##..#.#
#....#.##..#.#
#.#........#.#


You could see 3 jackals and a frilled lizard.


Message History

🤖 Initializing magus.rc ...
Bad channel name for runrest: 'pray:' ✅ Successfully initialized magus.rc [v1.9.6] Welcome, zeratav the Octopode Venom Mage.
Will you be the one to retrieve the wondrous Orb of Zot from the depths?
Press ? for a list of commands and other information.
Found a staircase leading out of the dungeon.
You see here a +2 robe of willpower.
You see here a +1 pair of gloves.
You see here a +1 pair of gloves.
b - a scroll labelled RASEMI GOGYMUO A goblin comes into view.
It is wielding a +0 club.
The sting hits the goblin.
The goblin is poisoned.
The goblin shouts!
You kill the goblin!
MP[-1]
You lost 1 mp, and now have 2/3 mp.
You can't see any susceptible monsters within range! (Use Z to cast anyway.)
c - a +0 club {mace} MP[+1]
Your mp is fully restored (3).
c - a +0 club (weapon)
{mace} A frilled lizard comes into view.
A frilled lizard is nearby! 2 jackals come into view.
Found a stone staircase leading down.
The jackal barks!
The frilled lizard hisses angrily.
You hear a bark!
A jackal comes into view.
The jackal moves out of view.
The jackal barks!
The jackal barely misses you.
You closely miss the jackal. You grab the jackal. You constrict the jackal.
The jackal closely misses you.
The jackal bites you but does no damage.
You hit the jackal but do no damage.
You constrict the jackal, but do no damage.
The jackal bites you. The jackal completely misses you. The jackal bites you.
The jackal barely misses you.
HP[-2]
You take 2 damage, and now have 9/11 hp.
You barely miss the jackal.
You constrict the jackal, but do no damage.
The jackal bites you. x2
* * * LOW HITPOINT WARNING * * *
The jackal barely misses you. The jackal bites you.
* * * LOW HITPOINT WARNING * * *
HP[-6]
You take 6 damage, and now have 3/11 hp.
MASSIVE DAMAGE!! (PAUSE)
You are too injured to fight recklessly!
You release your grip on the jackal.
The jackal attacks as you move away! The jackal completely misses you.
The jackal misses you.
You barely miss the jackal. Your grab misses the jackal. The jackal bites you.
* * * LOW HITPOINT WARNING * * *
The jackal barely misses you.
HP[-1]
You take 1 damage, and now have 2/11 hp.
You barely miss the jackal. Your grab misses the jackal.
Your squeeze misses the jackal. The jackal bites you.
* * * LOW HITPOINT WARNING * * *
The jackal bites you but does no damage.
The jackal bites you.
You die...

Action                   || total
-------------------------++-------
Melee: Club              ||     5
       Constrict         ||     1
 Cast: Sting             ||     1
Armor: Skin              ||     2
Dodge: Dodged            ||     8

Levels and vault maps discovered:
D:1:      onia_arrival_pyramid, layout_basic

Notes
Turn   | Place    | Note
-------+----------+-------------------------------------------
     0 | D:1      | zeratav the Octopode Venom Mage began the quest for the
                  | Orb.
     0 | D:1      | Reached XP level 1. HP: 11/11 MP: 3/3
     0 | D:1      | magus.rc [v1.9.6]
   128 | D:1      | HP: 2/11 [jackal (1)]
   129 | D:1      | Slain by a jackal

Vanquished Creatures
  A goblin (D:1)
1 creature vanquished.

Table legend:
 A = Non-vault XP
 B = Vault XP
 C = Vault XP percentage of total XP
 D = Non-vault monster count
 E = Vault monster count
 F = Vault count percentage of total count
                 A         B        C        D         E       F
            +---------+---------+-------+---------+---------+-------
      Total |       2 |       0 |   0.0 |       1 |       0 |   0.0
            +---------+---------+-------+---------+---------+-------
        D:1 |       2 |       0 |   0.0 |       1 |       0 |   0.0
            +---------+---------+-------+---------+---------+-------

Illustrated notes

Table legend:
 A = Kills in this place as a percentage of kills in entire the game.
 B = Kills by you in this place as a percentage of kills by you in the entire game.
 C = Kills by friends in this place as a percentage of kills by friends in the entire game.
 D = Other kills in this place as a percentage of other kills in the entire game.
 E = Experience gained in this place as a percentage of experience gained in the entire game.
 F = Experience gained in this place divided by the number of levels of this place that you have seen.
                   A       B       C       D       E      F
               +-------+-------+-------+-------+-------+----------------------
         Total | 100.0 | 100.0 |   N/A |   N/A | 100.0 |   2.0
       Dungeon | 100.0 | 100.0 |   N/A |   N/A | 100.0 |   2.0
               +-------+-------+-------+-------+-------+----------------------

Table legend: (Time is in decaauts)
 A = Elapsed time spent in this place.
 B = Non-inter-level travel time spent in this place.
 C = Inter-level travel time spent in this place.
 D = Time resting spent in this place.
 E = Time spent auto-exploring this place.
 F = Levels seen in this place.
 G = Mean time per level.
                   A        B        C        D        E       F      G
               +--------+--------+--------+--------+--------+-----+--------+
         Total |    129 |    129 |      0 |      0 |    110 |   1 |  129.0 |
       Dungeon |    129 |    129 |      0 |      0 |    110 |   1 |  129.0 |
               +--------+--------+--------+--------+--------+-----+--------+

Top non-repeatable levels by time:
     D:1: 129 daAuts
